AoeStats
← aawwd

Fortress

510230479Analyzed
2v2 RM · 4d ago on Sep 30, 2026· 36m 14s· 4 players
Game mode
Random Map
Map size
Normal (6 player)
Population
200
Speed
Normal
Resources
Standard
Victory
Conquest
Starting age
Dark Age
Ending age
Imperial Age
RankedLock teamsTeams togetherTeam positionsShared explorationLock speedFull tech treeHidden civsTurbo modeCheats
Victory
Defeat
🇫🇮 Sicilians · Finland
1564
+7
🇺🇸 Mapuche · United States
1448
+11
🇵🇦 Bulgarians · Panama
1344
-9
🇦🇺 Byzantines · Australia
1331
-9
Casualstone
10:14 Feudal Age
13:47 Castle Age
17:08 Imperial Age
15:16 Horse Collar
15:26 Double-Bit Axe
15:37 Gold Mining
17:25 Loom
19:37 Wheelbarrow
20:38 Block Printing
22:03 Block Printing
30:44 Bow Saw
33:00 Hand Cart
34:33 Two-Man Saw
33:36 Heavy Plow
Juanfreelance
5:32 Loom
7:20 Feudal Age
5:36 Loom
7:29 Feudal Age
11:18 Castle Age
11:41 Double-Bit Axe
11:37 Horse Collar
13:12 Double-Bit Axe
13:08 Horse Collar
13:30 Gold Mining
14:37 Wheelbarrow
14:45 Loom
18:08 Town Watch
18:42 Bow Saw
19:42 Gold Shaft Mining
19:59 Hand Cart
20:06 Forging
20:01 Scale Barding Armor
21:24 Town Patrol
21:34 Heavy Plow
27:45 Imperial Age
26:32 Iron Casting
26:17 Chain Barding Armor
26:10 Bloodlines
26:01 Husbandry
29:26 Blast Furnace
29:01 Plate Barding Armor
27:48 Cavalier
31:19 Stirrups
31:29 Pikeman
32:09 Squires
31:55 Arson
32:45 Halberdier
33:28 Scale Mail Armor
34:40 Gambesons
35:48 Chain Mail Armor
aawwd
9:45 Feudal Age
10:57 Horse Collar
11:02 Double-Bit Axe
11:14 Gold Mining
13:27 Castle Age
12:44 Forging
12:42 Champi Runner
14:50 Iron Casting
15:11 Bow Saw
16:19 Scale Mail Armor
20:20 Heavy Plow
20:50 Loom
31:28 Champi Warrior
32:26 Pikeman
33:40 Caravan
34:51 Wheelbarrow
34:42 Town Watch
35:17 Chain Mail Armor
35:45 Gold Shaft Mining
36:16 Hand Cart
38:54 Imperial Age
mundobear
8:19 Feudal Age
9:23 Horse Collar
9:31 Double-Bit Axe
12:00 Castle Age
12:14 Wheelbarrow
13:27 Heavy Plow
15:10 Bow Saw
16:24 Town Watch
16:24 Loom
18:44 Hand Cart
20:26 Gold Mining
25:45 Imperial Age
24:16 Bloodlines
24:06 Husbandry
24:14 Scale Barding Armor
24:19 Forging
24:38 Devotion
25:23 Squires
25:49 Chain Barding Armor
26:50 Iron Casting
25:50 Pikeman
26:01 Cavalier
26:31 Halberdier
27:57 Scale Mail Armor
28:55 Plate Barding Armor
29:23 Conscription
29:37 Chain Mail Armor
29:58 Iron Casting
30:24 Hauberk
31:56 First Crusade
31:01 Elite Serjeant
33:15 Blast Furnace
33:15 Caravan
32:44 Capped Ram
33:52 First Crusade
35:19 Plate Mail Armor
34:40 Fletching
35:09 Siege Ram
Connection lost

Rejoining the realm…

Still unreachable

The connection could not be restored.

Session expired

The server has moved on; the page needs a fresh start.